 Dungeon Crawl Stone Soup version 0.32-a0-163-g159c032 (webtiles) character file.

Game seed: 2047520938022144668

427 Dorkslayer the Chopper (level 6, -1/53 HPs)
             Began as a Hill Orc Fighter on Feb 11, 2024.
             Slain by cowcow's ghost (3 damage)
             ... on level 3 of the Dungeon.
             The game lasted 00:05:32 (2063 turns).

Dorkslayer the Chopper (Hill Orc Fighter)           Turns: 2063, Time: 00:05:33

Health: -1/53      AC: 10    Str: 21    XL:     6   Next: 97%
Magic:  6/6        EV: 10    Int:  8    God:
Gold:   150        SH:  4    Dex: 10    Spells: 5/5 levels left

rFire   . . .        a - +1 war axe (heavy)
rCold   . . .        c - +0 buckler
rNeg    . . .        b - +0 scale mail
rPois   .            j - +0 helmet
rElec   .            (no cloak)
rCorr   .            (no gloves)
SInv    .            e - +1 pair of boots
Will    .....        (no amulet) Stlth
                     (no ring)
HPRegen 0.28/turn    (no ring)
MPRegen 0.10/turn

%: no passive effects
@: attractive, hasted (expiring), very quick
A: no striking features
a: no special abilities


You were on level 3 of the Dungeon.
You visited 1 branch of the dungeon, and saw 3 of its levels.
You also visited: Sewer.

You collected 150 gold pieces.

Inventory:

Hand Weapons
 a - a +1 heavy war axe (weapon)
 m - a +0 morningstar
Missiles
 k - 3 atropa-tipped darts (quivered)
Armour
 b - a +0 scale mail (worn)
 c - a +0 buckler (worn)
 e - a +1 pair of boots (worn)
 j - a +0 helmet (worn)
Wands
 d - a wand of mindburst (7)
 n - a wand of quicksilver (10)
 r - a wand of flame (12)
Scrolls
 g - 2 scrolls of teleportation
 q - a scroll of immolation
 s - 3 scrolls of blinking
Potions
 f - a potion of heal wounds {unknown}
 h - a potion of haste
 l - a potion of degeneration {unknown}
 p - a potion of attraction


   Skills:
 + Level 4.6 Fighting
 + Level 5.8 Axes
 + Level 0.1 Throwing
 + Level 4.6 Armour
 * Level 2.2 Dodging
 + Level 0.6 Stealth
 + Level 3.9 Shields
 * Level 1.3 Evocations


You had 5 spell levels left.
You didn't know any spells.
Your spell library was empty.

Dungeon Overview and Level Annotations

Branches:
Dungeon (3/15)              Sewer (visited)

Altars:

Shops:
D:1 [

Annotations:
D:3 cowcow's ghost, amateur DsFi


Message History

Cowcow's ghost barely misses you.
You barely miss cowcow's ghost.
Cowcow's ghost is lightly damaged.
Cowcow's ghost hits you.
You closely miss cowcow's ghost.
Cowcow's ghost is lightly damaged.
Cowcow's ghost hits you.
You miss cowcow's ghost.
Cowcow's ghost is lightly damaged.
Cowcow's ghost hits you. Cowcow's ghost barely misses you.
You miss cowcow's ghost.
Cowcow's ghost is lightly damaged.
Cowcow's ghost hits you!
You miss cowcow's ghost.
Cowcow's ghost is lightly damaged.
Cowcow's ghost closely misses you.
You barely miss cowcow's ghost.
Cowcow's ghost is lightly damaged.
Cowcow's ghost barely misses you.
You miss cowcow's ghost.
Cowcow's ghost is lightly damaged.
Cowcow's ghost hits you!
You completely miss cowcow's ghost.
Cowcow's ghost is lightly damaged.
Cowcow's ghost hits you!
* * * LOW HITPOINT WARNING * * *
Cowcow's ghost hits you.
* * * LOW HITPOINT WARNING * * *
You hit cowcow's ghost.
Cowcow's ghost is lightly damaged.
Your extra speed is starting to run out.
Cowcow's ghost hits you.
* * * LOW HITPOINT WARNING * * *
You barely miss cowcow's ghost.
Cowcow's ghost is lightly damaged.
Cowcow's ghost barely misses you.
It was a potion of attraction.
You feel attractive to monsters. Cowcow's ghost hits you.
You die...

#⌠##....# ######
#.....##...##...#
#....##.....##..####
#....#⌠.!♣?.⌠#.....######
##....##.....##..##.#.....
.......##...##............
........##.##.............
.........#W#...#..#.....|.
#..@................
##.....#.#.##..#.###
#...###.......#.##
###############...#
##.~~~~~~~~~.......#
#..~~~~.~~~~÷......##
...~~~~~~~~~..###....
..###########.# #####
##.......#


You could see cowcow's ghost.

Vanquished Creatures
  Sigmund (D:2)
  2 bullfrogs (Sewer)
  Natasha (D:2)
  3 adders
  5 dart slugs
  A ribbon worm (D:2)
  An orc (D:3)
  11 ball pythons
  3 bats
  3 endoplasms
  13 giant cockroaches (Sewer)
  6 goblins
  4 hobgoblins
  3 jackals (D:2)
  4 kobolds
  7 quokkas
  10 frilled lizards
  3 rats (D:1)
81 creatures vanquished.

Notes
Turn   | Place    | Note
-------+----------+-------------------------------------------
     0 | D:1      | Dorkslayer the Hill Orc Fighter began the quest for the
                  | Orb.
     0 | D:1      | Reached XP level 1. HP: 19/19 MP: 1/1
    79 | D:1      | Reached XP level 2. HP: 27/27 MP: 2/2
   205 | D:1      | Reached skill level 3 in Axes
   273 | D:1      | Found Dudafihu's Armour Emporium.
   512 | D:1      | Reached XP level 3. HP: 27/33 MP: 3/3
   765 | D:2      | Noticed Sigmund
   781 | D:2      | Killed Sigmund
   782 | D:2      | Reached skill level 4 in Axes
   782 | D:2      | Reached skill level 1 in Dodging
   782 | D:2      | Reached XP level 4. HP: 5/40 MP: 4/4
   782 | D:2      | Reached XP level 5. HP: 6/46 MP: 5/5
  1059 | D:2      | Reached skill level 5 in Axes
  1327 | D:2      | Noticed Natasha
  1335 | D:2      | Killed Natasha
  1336 | D:2      | Reached XP level 6. HP: 43/53 MP: 6/6
  1542 | D:3      | Found a glowing drain.
  1574 | Sewer    | Entered a sewer
  1882 | Sewer    | Reached skill level 1 in Evocations
  1950 | D:3      | Found a runed translucent door.
  1950 | D:3      | Noticed cowcow's ghost (amateur DsFi)
  2061 | D:3      | HP: 2/53 [cowcow's ghost (4)]
  2063 | D:3      | Slain by cowcow's ghost

Illustrated notes

Levels and vault maps discovered:
D:1:      matt_arrival_grand_opening, layout_basic, serial_shops, shop,
          minmay_tetromino_t4
D:2:      layout_loops_cross, amcnicky_mini_rare_corridor_liquid, uniq_sigmund,
          uniq_natasha
D:3:      layout_loops_cross, hellmonk_ghost_happy_afterlife,
          portal_sewer_entry_f

Skill      XL: |  1  2  3  4  5  6 |
---------------+-------------------+-----
Axes           | 3 4 5 |  5.8
Fighting       | 4 |  4.6
Armour         | 4 |  4.6
Dodging        | 1 2 |  2.2
Evocations     | 1 |  1.3
Throwing       | |  0.1
Stealth        | |  0.6
Shields        | |  3.9

Action                     |  1- 3 |  4- 6 || total
---------------------------+-------+-------++-------
  Melee: War axe           |    55 |   162 ||   217
  Throw: Dart              |       |     3 ||     3
    Use: Potion            |     1 |     2 ||     3
         Scroll            |       |     7 ||     7
 Armour: Scale mail        |    49 |   148 ||   197
  Dodge: Dodged            |    26 |   111 ||   137
  Block: Buckler           |    17 |    47 ||    64

Table legend: (Time is in decaauts)
 A = Elapsed time spent in this place.
 B = Non-inter-level travel time spent in this place.
 C = Inter-level travel time spent in this place.
 D = Time resting spent in this place.
 E = Time spent auto-exploring this place.
 F = Levels seen in this place.
 G = Mean time per level.
                   A        B        C        D        E       F      G
               +--------+--------+--------+--------+--------+-----+--------+
         Total |   2249 |   2249 |      0 |      0 |    986 |   4 |  562.2 |
       Dungeon |   1775 |   1775 |      0 |      0 |    986 |   3 |  591.7 |
         Sewer |    474 |    474 |      0 |      0 |      0 |   1 |  474.0 |
               +--------+--------+--------+--------+--------+-----+--------+

Top non-repeatable levels by time:
     D:2: 789 daAuts
     D:1: 783 daAuts
   Sewer: 474 daAuts
     D:3: 202 daAuts
